Cogmind - Beta 13 @@@ ROGUE MODE // 2024.04.12 @ 00:13:24 Player: darki Result: Assimilated 0b10! Performance ------------- Evolutions (9) 4500 Regions Visited (31) 6200 Robots Destroyed (264) 1320 Value Destroyed (15886) 15886 Prototype IDs (45) 900 Alien Tech Used (0) 0 Bonus (27510) 27510 TOTAL SCORE: 56316 Bonus ------- High Alert Combat Kills 2676 Follower Combat Kills 7298 Entered Garrisons 2200 Used RIF Installer 6000 Aligned with FarCom 300 Met MAIN.C 5000 Used 0b10 Conduit 2000 Win 3000 Friendly Fire -964 Cogmind --------- Core Integrity 1581/1600 Matter 280/300 Energy 131/190 System Corruption 4% Temperature Warm (188) Movement Flying (14) Location 0b10 Command Parts ------- > --- POWER (1) -------- Light Quantum Reactor > --- PROPULSION (4) --- Cooled Impulse Thruster Cooled Impulse Thruster Cooled Impulse Thruster Experimental Q-thruster > --- UTILITY (17) ----- Advanced Weight Redist. System Experimental Reaction Control System Improved Utility Shielding Thermal Barrier Hacking Suite Hacking Suite Hacking Suite Advanced System Shield Relay Coupler [NC] (30) Relay Coupler [NC] (33) Relay Coupler [NC] (7) Relay Coupler [C] (36) Relay Coupler [C] (49) Relay Coupler [C] (66) Relay Coupler [Hunter] (10) Relay Coupler [Hunter] (20) Relay Coupler [Heavy] (7) > --- WEAPON (3) ------- (None) > --- INVENTORY (5) ---- Advanced Micro-nuke Launcher Advanced Remote Datajack Enhanced Force Lance Enhanced Force Lance Peak State ------------ > --- POWER ------------ Micro Fission Core > --- PROPULSION ------- Cooled Impulse Thruster Cooled Impulse Thruster Cooled Impulse Thruster > --- UTILITY ---------- Hacking Suite Improved System Shield Relay Coupler [NC] Relay Coupler [C] Relay Coupler [C] Relay Coupler [C] Relay Coupler [C] Relay Coupler [C] Relay Coupler [C] Relay Coupler [C] Relay Coupler [C] Relay Coupler [C] Relay Coupler [C] Relay Coupler [Sentry] Relay Coupler [Heavy] Relay Coupler [Heavy] > --- WEAPON ----------- Heavy Machine Gun Advanced Remote Datajack > --- INVENTORY -------- Xenon Bombardment Thruster Relay Coupler [NC] Enhanced Nova Cannon Micro-nuke Launcher Advanced Remote Datajack [Rating: 153] Favorites ----------- Power Light Nuclear Core Engine Heavy Ion Engine Power Core Light Nuclear Core Reactor Micro Antimatter Reactor Propulsion Light Treads Treads Light Treads Leg Aluminum Leg Flight Unit Improved Cesium-ion Thruster Utility Relay Coupler [Grunt] Device Recalibrator Storage Large Storage Unit Processor Improved Targeting Computer Hackware Relay Coupler [Grunt] Protection Improved Light Armor Plating Weapon Heavy Assault Rifle Energy Gun EM Pulse Gun Energy Cannon Enhanced Nova Cannon Ballistic Gun Heavy Assault Rifle Ballistic Cannon Gauss Cannon Launcher Missile Launcher Special Weapon Remote Datajack Impact Weapon Impact Mace Slashing Weapon Great Axe Piercing Weapon Spear Special Melee Weapon Advanced Datajack Build | -11 -10 -10 -9 -9 -9 -8 -8 -8 -8 -7 -7 -7 -7 -6 -6 -5 -5 -5 -5 -4 -4 -4 -4 -3 -3 -2 -2 -2 -2 -1 -1 ------- Run | Yrd Mat Min Mat Min Exi Min Mat Gar Mat Fac Gar Fac Gar Fac Gar Fac Gar Fac Gar Fac Gar Fac Gar Res Gar Res Gar Res Gar Acc Com Slots Evolved 18 | . . . 2 . . . 2 . . 2 . . . 2 . 2 . . . 2 . . . 2 . 2 . . . 2 . Power . | . . . . . . . . . . . . . . . . . . . . . . . . . . . . . . . . Propulsion 2 | . . . . . . . . . . 1 . . . . . . . . . . . . . . . . . . . 1 . Utility 15 | . . . 1 . . . 2 . . 1 . . . 2 . 2 . . . 2 . . . 2 . 2 . . . 1 . Weapon 1 | . . . 1 . . . . . . . . . . . . . . . . . . . . . . . . . . . . Parts Attached 360 | . 9 3 27 6 1 3 39 13 31 12 5 6 22 5 16 . 12 . 3 4 2 7 23 . 27 16 32 3 9 15 9 Power 31 | . 1 . 4 1 . 1 5 1 3 1 . 1 1 . . . . . . 1 . . 2 . 2 1 3 . . 3 . Engine 14 | . 1 . 4 1 . 1 5 . 2 . . . . . . . . . . . . . . . . . . . . . . Core 11 | . . . . . . . . 1 1 1 . 1 1 . . . . . . 1 . . 2 . 1 1 1 . . . . Reactor 6 | . . . . . . . . . . . . . . . . . . . . . . . . . 1 . 2 . . 3 . Propulsion 71 | . 1 2 6 2 . . 7 5 5 3 1 . 1 3 . . 2 . . . . 2 5 . 8 7 4 3 . 2 2 Treads 25 | . . 2 5 2 . . 6 5 5 . . . . . . . . . . . . . . . . . . . . . . Leg 1 | . 1 . . . . . . . . . . . . . . . . . . . . . . . . . . . . . . Wheel . | . . . . . . . . . . . . . . . . . . . . . . . . . . . . . . . . Hover . | . . . . . . . . . . . . . . . . . . . . . . . . . . . . . . . . Flight 45 | . . . 1 . . . 1 . . 3 1 . 1 3 . . 2 . . . . 2 5 . 8 7 4 3 . 2 2 Utility 178 | . 3 1 7 1 . 1 13 3 11 7 4 5 17 2 14 . 10 . 3 3 2 3 12 . 15 5 18 . 6 7 5 Device 13 | . . . . . . . 3 . 2 . . . . 1 . . . . . . . 1 1 . . . . . . 2 3 Storage 2 | . 1 . . . . . . . 1 . . . . . . . . . . . . . . . . . . . . . . Processor 5 | . . . 2 . . . 1 . . . . . 1 . . . . . . . . 1 . . . . . . . . . Hackware 115 | . . . . . . . . . . 5 3 4 12 1 13 . 8 . 3 2 2 1 11 . 15 5 18 . 6 5 1 Protection 43 | . 2 1 5 1 . 1 9 3 8 2 1 1 4 . 1 . 2 . . 1 . . . . . . . . . . 1 Artifact . | . . . . . . . . . . . . . . . . . . . . . . . . . . . . . . . . Weapon 80 | . 4 . 10 2 1 1 14 4 12 1 . . 3 . 2 . . . . . . 2 4 . 2 3 7 . 3 3 2 Energy Gun 5 | . 1 . . . . . . . . . . . . . . . . . . . . 1 . . . 1 1 . . 1 . Energy Cannon 6 | . . . . . . . . . . . . . . . 2 . . . . . . . . . . 1 1 . 2 . . Ballistic Gun 37 | . 2 . 10 2 1 1 8 3 8 . . . . . . . . . . . . . . . . . 2 . . . . Ballistic Cannon 7 | . 1 . . . . . 6 . . . . . . . . . . . . . . . . . . . . . . . . Launcher 6 | . . . . . . . . . 4 . . . . . . . . . . . . . . . . . 1 . . . 1 Special Weapon 11 | . . . . . . . . . . . . . 2 . . . . . . . . . 1 . 2 1 2 . 1 2 . Impact Weapon 2 | . . . . . . . . . . 1 . . 1 . . . . . . . . . . . . . . . . . . Slashing Weapon 1 | . . . . . . . . 1 . . . . . . . . . . . . . . . . . . . . . . . Piercing Weapon 3 | . . . . . . . . . . . . . . . . . . . . . . . 2 . . . . . . . 1 Special Melee Weapon 2 | . . . . . . . . . . . . . . . . . . . . . . 1 1 . . . . . . . . Unidentified Prototypes 14 | . . . 3 . . . 2 . 1 1 . 1 . . . . . . . . . 1 . . . 1 . . . 1 3 Parts Lost 80 | . 5 3 3 . . . 3 4 6 . . 1 2 . . . 3 . 1 . 7 2 14 . 8 2 7 . 7 . 2 Power 6 | . 1 . . . . . . 1 1 . . . . . . . . . . . 1 . 1 . . . . . 1 . . Propulsion 22 | . 1 2 1 . . . 1 2 1 . . . . . . . 2 . . . 1 . 5 . 4 . 2 . . . . Utility 38 | . 1 1 1 . . . 2 . 3 . . 1 2 . . . 1 . . . 5 1 6 . 3 1 5 . 4 . 1 Weapon 14 | . 2 . 1 . . . . 1 1 . . . . . . . . . 1 . . 1 2 . 1 1 . . 2 . 1 Highest Loss Streak 7 | . 2 3 1 . . . 1 2 4 . . 1 1 . . . 1 . 1 . 7 1 4 . 3 1 4 . 3 . 1 To Critical Strikes . | . . . . . . . . . . . . . . . . . . . . . . . . . . . . . . . . Average Slot Usage (%) 88 | . 96 98 99 100 72 77 89 86 99 82 83 67 81 82 92 82 78 88 82 82 74 71 78 . 85 82 84 95 88 88 89 Engine 4 | . 13 14 10 11 11 11 8 5 4 . . . . . . . . . . . . . . . . . . . . . . Core 1 | . . . . . . . . 3 4 6 6 . . 6 6 5 1 . . 4 2 . 2 . . 4 . 4 4 . . Treads 8 | . . 11 22 22 22 22 18 17 17 . . . . . . . . . . . . . . . . . . . . . . Leg 1 | . 27 15 . . . . . . . . . . . . . . . . . . . . . . . . . . . . . Flight 7 | . . . . . . . . . . 22 23 23 23 20 20 17 14 17 17 15 11 12 13 . 10 12 12 13 13 15 15 Device 1 | . . . . . . . 4 5 4 . . . . . . . . . . . . 3 1 . . . . . . 3 10 Storage 5 | . 14 14 11 11 11 11 9 9 9 . . . . . . . . . . . . . . . . . . . . . . Processor 5 | . . . 10 11 11 11 11 18 10 . . . . . . . . . . . . . . . . . . . . . . Hackware 21 | . . . . . . . . . . 28 29 21 34 35 45 41 44 52 51 51 48 45 53 . 61 61 64 69 64 62 53 Protection 10 | . 11 14 11 11 11 11 15 12 21 14 14 14 8 6 6 5 5 5 5 5 5 3 . . . . . . . . 2 Ballistic Gun 11 | . 20 14 32 33 6 11 19 11 26 1 . . . . . . . . . . . . . . . . . 4 2 . . Special Weapon 1 | . . . . . . . . . . . . . 6 6 6 5 5 5 1 . . . 1 . 2 . 4 4 4 4 3 Impact Weapon 1 | . . . . . . . . . . 5 7 7 7 6 6 5 5 5 5 5 5 4 . . . . . . . . . Naked Turns . | . . . . . . . . . . . . . . . . . . . . . . . . . . . . . . . . Heaviest Build 62 | 12 33 33 42 40 43 43 62 45 59 15 15 14 14 14 14 14 14 13 13 15 12 10 11 11 15 12 17 15 15 23 31 Greatest Support 40 | 20 20 40 40 40 40 40 40 40 40 15 15 15 15 18 18 18 18 16 16 16 16 20 17 12 18 18 18 21 21 28 36 Greatest Overweight (x) 4 | . 2 1 1 . 1 1 1 1 2 . . . 2 . 4 . 1 . 3 3 . . 2 . 3 . . . . 1 1 Average Overweight (x) . | . . . . . . 1 1 . . . . . . . . . . . . . . . . . . . . . . . . Largest Inventory Capacity 15 | . 15 15 15 15 15 15 15 15 15 15 5 5 5 5 5 5 5 5 5 5 5 5 5 5 5 5 5 5 5 5 5 Average Capacity 10 | . 14 15 15 15 15 15 15 15 15 5 5 5 5 5 5 5 5 5 5 5 5 5 5 5 5 5 5 5 5 5 5 Most Carried 15 | . 14 14 15 15 15 15 15 15 15 15 5 5 5 5 5 5 5 5 5 5 3 2 5 5 5 5 5 5 5 5 5 Average Carried 9 | . 11 12 14 14 15 14 14 14 14 4 4 2 3 4 4 5 4 5 5 4 1 1 3 5 4 4 4 4 4 3 4 Final Capacity 15 | 8 15 15 15 15 15 15 15 15 15 5 5 5 5 5 5 5 5 5 5 5 5 5 5 5 5 5 5 5 5 5 5 Final Carried 15 | 6 14 12 15 15 15 15 15 15 14 4 5 1 5 5 5 5 5 5 5 3 1 2 5 5 5 5 4 5 5 5 4 Class Distribution -------------------- 17% | Botlord-Sprinter 15% | Scavenger-Tank 14% | Mutant 9% | Scavenger-Gunner 9% | Gunner 8% | Commander-Sprinter 8% | Botlord-Mutant 6% | Sprinter Dominant Class ---------------- Mutant | -10/Materials Mutant | -10/Mines Scavenger-Gunner | -9/Materials Scavenger-Gunner | -9/Mines Mutant | -9/Exiles Mutant | -8/Mines Scavenger-Tank | -8/Materials Gunner | -8/Garrison Scavenger-Tank | -8/Materials Sprinter | -7/Factory Commander-Sprinter | -7/Garrison Commander-Sprinter | -7/Factory Bothacker-Sprinter | -7/Garrison Botlord-Sprinter | -6/Factory Botlord-Sprinter | -6/Garrison Botlord-Sprinter | -5/Factory Botlord-Sprinter | -5/Garrison Botlord-Sprinter | -5/Factory Commander-Sprinter | -5/Garrison Commander-Sprinter | -4/Factory Sprinter | -4/Garrison Sprinter | -4/Factory Botlord-Mutant | -4/Garrison Commander-Sprinter | -3/Research Botlord-Mutant | -3/Garrison Botlord-Sprinter | -2/Research Botlord-Mutant | -2/Garrison Botlord-Mutant | -2/Research Botlord-Sprinter | -2/Garrison Botlord-Sprinter | -1/Access Botlord-Sprinter | -1/Command Resources | -11 -10 -10 -9 -9 -9 -8 -8 -8 -8 -7 -7 -7 -7 -6 -6 -5 -5 -5 -5 -4 -4 -4 -4 -3 -3 -2 -2 -2 -2 -1 -1 ----------- Run | Yrd Mat Min Mat Min Exi Min Mat Gar Mat Fac Gar Fac Gar Fac Gar Fac Gar Fac Gar Fac Gar Fac Gar Res Gar Res Gar Res Gar Acc Com Matter Collected 8564 | 200 241 89 1218 269 . 40 1186 183 1200 193 40 80 343 127 391 . 190 5 80 40 . . 378 . 458 131 655 . 363 236 228 Remotely 60 | . . . . . . . 60 . . . . . . . . . . . . . . . . . . . . . . . . Salvage Created 10508 | . 663 . 1748 436 . 154 2443 1341 1954 50 48 23 67 . 719 25 145 20 117 . . . 144 . 208 42 161 . . . . Parts 606 | . 50 . 115 29 . 20 138 79 124 7 . . 6 . 11 . 4 . . . . . 7 . 8 6 2 . . . . Haulers Intercepted 14 | . 2 . 4 . . . 3 . 5 . . . . . . . . . . . . . . . . . . . . . . Recyclers Shooed 3 | . 1 . . . . . 2 . . . . . . . . . . . . . . . . . . . . . . . . Parts Field Recycled . | . . . . . . . . . . . . . . . . . . . . . . . . . . . . . . . . Retrieved Matter . | . . . . . . . . . . . . . . . . . . . . . . . . . . . . . . . . Parts Self-Destructed . | . . . . . . . . . . . . . . . . . . . . . . . . . . . . . . . . Prevented . | . . . . . . . . . . . . . . . . . . . . . . . . . . . . . . . . Kills | -11 -10 -10 -9 -9 -9 -8 -8 -8 -8 -7 -7 -7 -7 -6 -6 -5 -5 -5 -5 -4 -4 -4 -4 -3 -3 -2 -2 -2 -2 -1 -1 ------- Run | Yrd Mat Min Mat Min Exi Min Mat Gar Mat Fac Gar Fac Gar Fac Gar Fac Gar Fac Gar Fac Gar Fac Gar Res Gar Res Gar Res Gar Acc Com Combat Hostiles Destroyed 200 | . 12 1 33 14 . 7 48 29 38 1 1 . . . 2 . 3 . 2 . . . 4 . 2 . 3 . . . . Melee 17 | . . . . . . . . 7 . 1 1 . . . . . 1 . 1 . . . 4 . 2 . . . . . . Guns 153 | . 10 . 32 14 . 6 46 22 23 . . . . . . . . . . . . . . . . . . . . . . Cannons 5 | . . 1 1 . . . 2 . . . . . . . . . . . . . . . . . . . 1 . . . . AOE 20 | . 2 . . . . 1 . . 15 . . . . . . . . . . . . . . . . . 2 . . . . Classes Destroyed 21 | . 6 1 3 . . . 5 1 2 . . . . . . . 1 . . . . . . . . . 2 . . . . Worker 14 | . 4 . 1 1 . . 1 . 6 . . 1 . . . . . . . . . . . . . . . . . . . Builder 15 | . 2 . 2 . . . 1 . 8 . . . . . . 1 . 1 . . . . . . . . . . . . . Tunneler 2 | . . . . . . . 1 . 1 . . . . . . . . . . . . . . . . . . . . . . Hauler 14 | . 2 . 4 . . . 3 . 5 . . . . . . . . . . . . . . . . . . . . . . Recycler 1 | . . . . . . . 1 . . . . . . . . . . . . . . . . . . . . . . . . Mechanic 3 | . . . . . . . 2 . 1 . . . . . . . . . . . . . . . . . . . . . . Operator 3 | . . . 1 . . . 1 . . 1 . . . . . . . . . . . . . . . . . . . . . Watcher 11 | . 3 . 1 . . . 5 . 1 . . . . . . . . . . . . . . . . 1 . . . . . Swarmer 43 | . 6 . 3 7 . 7 7 4 6 . . . . . 1 . . . . . . . 2 . . . . . . . . Cutter 2 | . . . . . . . . . . . . . . . . . . . . . . . . . . . 2 . . . . Grunt 99 | . 6 . 19 4 . . 27 14 22 1 1 . . . 2 . 1 . . . . . . . 2 . . . . . . Brawler 6 | . . . 2 1 . . 2 . 1 . . . . . . . . . . . . . . . . . . . . . . Duelist 2 | . . . . . . . . 1 1 . . . . . . . . . . . . . . . . . . . . . . Protector 2 | . . . . . . . . . 2 . . . . . . . . . . . . . . . . . . . . . . Sentry 35 | . . . 9 2 . . 9 10 4 . . . 1 . . . . . . . . . . . . . . . . . . Demolisher 1 | . . 1 . . . . . . . . . . . . . . . . . . . . . . . . . . . . . Specialist 2 | . . . . . . . 2 . . . . . . . . . . . . . . . . . . . . . . . . Hunter 3 | . . . . . . . . . 2 . . . . . . . . . 1 . . . . . . . . . . . . Programmer 6 | . . . . . . . . . . . . . . . . . 2 . 1 . . . 2 . 1 . . . . . . Heavy 1 | . . . . . . . 1 . . . . . . . . . . . . . . . . . . . . . . . . Behemoth 1 | . . . . . . . . . . . . . . . . . . . . . . . . . . . 1 . . . . Thug 1 | . . . . . . 1 . . . . . . . . . . . . . . . . . . . . . . . . . Best Kill Streak 12 | . 8 1 6 6 . 4 5 5 12 1 1 1 . . 2 1 2 1 1 . . . 2 . 1 1 2 . . . . Combat Bots Only 6 | . 5 1 5 6 . 4 4 5 5 1 1 . . . 2 . 2 . 1 . . . 2 . 1 . 2 . . . . Max Kills in Single Turn 4 | . 3 1 2 2 . 2 2 1 4 1 1 1 1 . 1 1 1 1 1 . . . 1 . 1 1 2 . . . . Gunslinging 1 | . . . 1 1 . . 1 . 1 . . . . . . . . . . . . . . . . . . . . . . Exploded 3 | . 2 . . . . 1 . . 3 . . . . . . . . . . . . . . . . . 2 . . . . Melee 1 | . . . . . . . . 1 . 1 1 . . . . . 1 . 1 . . . 1 . 1 . . . . . . Uniques/NPCs Destroyed . | . . . . . . . . . . . . . . . . . . . . . . . . . . . . . . . . Combat | -11 -10 -10 -9 -9 -9 -8 -8 -8 -8 -7 -7 -7 -7 -6 -6 -5 -5 -5 -5 -4 -4 -4 -4 -3 -3 -2 -2 -2 -2 -1 -1 -------- Run | Yrd Mat Min Mat Min Exi Min Mat Gar Mat Fac Gar Fac Gar Fac Gar Fac Gar Fac Gar Fac Gar Fac Gar Res Gar Res Gar Res Gar Acc Com Hostile Shots Fired 1172 | . 97 9 132 35 . 7 148 73 169 11 80 12 46 17 17 . 22 2 13 . 61 13 52 . 44 27 18 2 37 4 24 Missed 405 | . 30 2 40 9 . 1 36 17 35 4 30 6 21 14 10 . 9 1 6 . 29 7 24 . 16 14 8 1 15 2 18 Damage Taken 13349 | . 713 332 1301 278 . 51 2065 764 2191 66 493 184 397 93 151 . 251 16 254 56 485 110 745 . 800 263 466 28 579 43 174 Core 2583 | . 136 22 188 17 . 7 68 53 252 28 145 40 61 . 37 . 42 16 54 56 22 56 301 . 478 107 171 . 207 19 . Absorbed by Shields 513 | . . . . . . . . 39 204 . 55 . . . . . 10 . 8 . 68 . 25 . 13 31 60 . . . . Redirected to Shielding 16 | . . . . . . . . . . . . . . . . . . . . . . . . . . . . . . . 16 Regen/Repaired (Parts) 128 | . . . . . . . 128 . . . . . . . . . . . . . . . . . . . . . . . . Core Remaining (%) 67 | 100 . 36 . . . 47 . . 32 . . . 60 . 95 . . . 88 . . . 62 . 63 . . . 66 . 98 Volleys Fired 623 | . 65 5 86 29 . . 93 18 94 . . . 23 22 37 1 14 2 10 . . . 13 . 19 9 33 3 24 12 11 Largest 3 | . 2 2 3 3 . . 3 1 3 . . . 1 1 1 1 1 1 1 . . . 1 . 1 1 1 1 1 1 1 Hottest 144 | . 80 55 75 69 . . 144 25 84 . . . 5 5 105 5 5 5 5 . . . 7 . 10 120 120 10 120 10 10 Shots Fired 1362 | . 130 10 259 87 . 10 286 72 275 . . . 23 22 37 1 14 2 10 . . . 13 . 19 9 33 3 24 12 11 Gun 1074 | . 129 5 254 87 . 10 246 72 262 . . . . . . . . . . . . . . . . 4 4 . 1 . . Cannon 61 | . 1 5 5 . . . 40 . . . . . . . 4 . . . . . . . . . . 2 2 . 2 . . Launcher 14 | . . . . . . . . . 13 . . . . . . . . . . . . . . . . . 1 . . . . Special 213 | . . . . . . . . . . . . . 23 22 33 1 14 2 10 . . . 13 . 19 3 26 3 21 12 11 Kinetic 1074 | . 84 10 259 87 . 10 286 72 262 . . . . . . . . . . . . . . . . . 3 . 1 . . Thermal 15 | . . . . . . . . . . . . . . . 4 . . . . . . . . . . 6 3 . 2 . . Explosive 14 | . . . . . . . . . 13 . . . . . . . . . . . . . . . . . 1 . . . . Electromagnetic 46 | . 46 . . . . . . . . . . . . . . . . . . . . . . . . . . . . . . Robot Hit Streak 28 | . 10 4 27 16 . 7 28 17 13 . . . 11 15 8 5 9 5 10 . . . 5 . 14 7 8 7 4 10 5 Robot Miss Streak 8 | . 5 2 2 2 . 1 8 3 3 . . . 1 1 3 . 1 . 1 . . . 1 . 1 . 2 1 2 1 3 Penetration Max 1 | . . . . . . . 1 . . . . . . . . . . . . . . . . . . . . . . . . Secondary Targets 19 | . 3 . 6 3 . . 2 . 5 . . . . . . . . . . . . . . . . . . . . . . Max Gunslinging Chain 1 | . 1 . 1 1 . . 1 . 1 . . . . . . . . . . . . . . . . . . . . . . Autonomous 155 | . . . . . . 10 88 57 . . . . . . . . . . . . . . . . . . . . . . . Shots Hit Robots 1042 | . 75 6 196 63 . 9 209 75 175 3 1 2 23 18 41 2 17 3 11 . . 3 34 . 22 7 18 2 12 10 5 Core Hits 424 | . 35 2 65 25 . 8 110 41 119 2 1 . 1 . 2 . . . 1 . . . 4 . 3 1 4 . . . . Critical Kills 9 | . 1 . 2 1 . . 3 . . . 1 . . . 1 . . . . . . . . . . . . . . . . Critical Parts Destroyed 11 | . . . . . . . 1 . . . . 1 1 . 3 . 2 1 2 . . . . . . . . . . . . Critical Strikes 25 | . 1 . 2 1 . . 4 1 . . 1 1 1 . 5 . 2 1 2 . . . 3 . . . . . . . . Destroy 8 | . 1 . 2 1 . . 4 . . . . . . . . . . . . . . . . . . . . . . . . Smash 13 | . . . . . . . . . . . 1 1 1 . 5 . 2 1 2 . . . . . . . . . . . . Sever 1 | . . . . . . . . 1 . . . . . . . . . . . . . . . . . . . . . . . Impale 3 | . . . . . . . . . . . . . . . . . . . . . . . 3 . . . . . . . . Melee Attacks 247 | . . . . . . . . 23 . 20 20 5 31 3 31 4 12 3 7 3 . 18 35 . 18 4 . . . . 10 Impact 153 | . . . . . . . . . . 20 20 5 31 3 31 4 12 3 7 3 . 14 . . . . . . . . . Slashing 23 | . . . . . . . . 23 . . . . . . . . . . . . . . . . . . . . . . . Piercing 45 | . . . . . . . . . . . . . . . . . . . . . . . 13 . 18 4 . . . . 10 Sneak Attacks 37 | . . . . . . . . . . . . 1 2 . 4 1 2 1 2 . . 1 17 . 4 2 . . . . . Combat Hostiles 9 | . . . . . . . . . . . . . . . 1 . 2 . 2 . . . 2 . 2 . . . . . . Follow-up Attacks . | . . . . . . . . . . . . . . . . . . . . . . . . . . . . . . . . Damage Inflicted 21796 | . 1055 92 2936 835 . 304 5362 2298 4448 172 40 137 171 . 1845 100 372 102 302 . . . 346 . 357 227 295 . . . . Guns 14087 | . 914 39 2875 835 . 274 4681 1856 2613 . . . . . . . . . . . . . . . . . . . . . . Cannons 976 | . 17 53 52 . . . 645 . . . . . . . . . . . . . . . . . . 105 104 . . . . Explosions 2207 | . 124 . . . . 30 36 . 1826 . . . . . . . . . . . . . . . . . 191 . . . . Melee 4508 | . . . . . . . . 442 . 172 40 137 171 . 1845 100 372 102 302 . . . 346 . 357 122 . . . . . Ramming 18 | . . . 9 . . . . . 9 . . . . . . . . . . . . . . . . . . . . . . Kinetic 14438 | . 515 92 2927 835 . 274 5326 1856 2613 . . . . . . . . . . . . . . . . . . . . . . Thermal 363 | . 124 . . . . 30 . . . . . . . . . . . . . . . . . . . 105 104 . . . . Explosive 2053 | . . . . . . . 36 . 1826 . . . . . . . . . . . . . . . . . 191 . . . . Electromagnetic 416 | . 416 . . . . . . . . . . . . . . . . . . . . . . . . . . . . . . Impact 3241 | . . . . . . . . . . 172 40 137 171 . 1845 100 372 102 302 . . . . . . . . . . . . Slashing 442 | . . . . . . . . 442 . . . . . . . . . . . . . . . . . . . . . . . Piercing 825 | . . . . . . . . . . . . . . . . . . . . . . . 346 . 357 122 . . . . . Highest Corruption 9 | . . . 1 1 1 1 . . 5 . 1 3 3 . . . . . . . 2 2 4 . 9 3 7 7 7 3 4 Average Corruption 2 | . . . 1 1 1 1 . . 2 . 1 2 3 . . . . . . . 1 2 3 . 4 3 4 7 7 3 3 Corruption Purged . | . . . . . . . . . . . . . . . . . . . . . . . . . . . . . . . . Corruption Blocked . | . . . . . . . . . . . . . . . . . . . . . . . . . . . . . . . . Effects 166 | . . . 5 4 2 2 . . 31 . 1 11 17 . . . . . . . . 8 13 . 22 8 16 8 8 5 5 Message Errors 47 | . . . 3 2 2 2 . . 5 . . 4 3 . . . . . . . . 3 1 . 8 1 4 1 2 3 3 Matter Fused 33 | . . . 1 . . . . . 4 . . 1 6 . . . . . . . . 2 4 . 5 3 3 . 2 1 1 Heat Flow Errors 28 | . . . . 1 . . . . 4 . . 4 2 . . . . . . . . 2 2 . 5 3 2 1 1 1 . Energy Discharges 24 | . . . . 1 . . . . 7 . 1 2 2 . . . . . . . . . 3 . 3 . 2 1 2 . . Parts Rejected 1 | . . . . . . . . . 1 . . . . . . . . . . . . . . . . . . . . . . Parts Fused 1 | . . . . . . . . . . . . . . . . . . . . . . . . . . . 1 . . . . Data Loss (minor) 14 | . . . . . . . . . 4 . . . 2 . . . . . . . . 1 1 . . 1 2 2 . . 1 Data Loss (major) 10 | . . . . . . . . . 2 . . . 1 . . . . . . . . . 2 . 1 . 1 3 . . . Misfires 2 | . . . 1 . . . . . 1 . . . . . . . . . . . . . . . . . . . . . . Alerts 4 | . . . . . . . . . 1 . . . 1 . . . . . . . . . . . . . 1 . 1 . . Weapon Failures 2 | . . . . . . . . . 2 . . . . . . . . . . . . . . . . . . . . . . Overload Shots . | . . . . . . . . . . . . . . . . . . . . . . . . . . . . . . . . Overflow Damage 1625 | . 10 2 . . . . 11 . . . . 97 100 . 698 60 203 102 202 . . . 97 . 43 . . . . . . Projectiles 13 | . . 2 . . . . 11 . . . . . . . . . . . . . . . . . . . . . . . . Explosions 10 | . 10 . . . . . . . . . . . . . . . . . . . . . . . . . . . . . . Melee 1602 | . . . . . . . . . . . . 97 100 . 698 60 203 102 202 . . . 97 . 43 . . . . . . Knockbacks 10 | . . . . . . . 4 . . . . 1 1 . 1 1 . 1 1 . . . . . . . . . . . . Impact 6 | . . . . . . . . . . . . 1 1 . 1 1 . 1 1 . . . . . . . . . . . . Kinetic 4 | . . . . . . . 4 . . . . . . . . . . . . . . . . . . . . . . . . Secondary . | . . . . . . . . . . . . . . . . . . . . . . . . . . . . . . . . Self-Inflicted Damage 158 | . 39 . . . . . . . 98 . . . . . . . . . . . . . . . . . 21 . . . . Shots 4 | . 1 . . . . . . . 2 . . . . . . . . . . . . . . . . . 1 . . . . Rammed 3 | . . . . . . . . . 3 . . . . . . . . . . . . . . . . . . . . . . Targets Rammed 4 | . . . 1 . . . . . 3 . . . . . . . . . . . . . . . . . . . . . . Kicked . | . . . . . . . . . . . . . . . . . . . . . . . . . . . . . . . . Crushed 1 | . . . 1 . . . . . . . . . . . . . . . . . . . . . . . . . . . . Highest Temperature 430 | . 297 6 182 120 . . 430 17 341 1 7 143 280 . 240 . . . . . . 197 253 . 248 375 244 156 96 249 144 Average Temperature 81 | . 59 3 39 39 . . 110 8 96 1 3 75 143 . 117 . . . . . . 98 126 . 119 114 87 89 43 127 94 Received Heat Transfer 3992 | . 183 . 477 75 . . 828 411 870 30 117 30 48 15 72 . 12 . 9 . 39 . 112 . 78 435 16 9 108 . 18 Effects 14 | . 1 . . . . . 2 . 9 . . . . . . . . . . . . . . . . 2 . . . . . Shutdowns 3 | . . . . . . . . . 2 . . . . . . . . . . . . . . . . 1 . . . . . Energy Bleed 5 | . 1 . . . . . 1 . 3 . . . . . . . . . . . . . . . . . . . . . . Interference 5 | . . . . . . . 1 . 4 . . . . . . . . . . . . . . . . . . . . . . Matter Decay 1 | . . . . . . . . . . . . . . . . . . . . . . . . . . 1 . . . . . Siege Activations . | . . . . . . . . . . . . . . . . . . . . . . . . . . . . . . . . Robots Corrupted . | . . . . . . . . . . . . . . . . . . . . . . . . . . . . . . . . Combat Hostiles . | . . . . . . . . . . . . . . . . . . . . . . . . . . . . . . . . Parts Fried 16 | . 2 . . . . . . . 2 . . . . . 4 1 2 1 4 . . . . . . . . . . . . Impact Corruptions 37 | . . . . . . . . . . . . 3 1 . 15 3 6 4 5 . . . . . . . . . . . . Robots Melted . | . . . . . . . . . . . . . . . . . . . . . . . . . . . . . . . . Combat Hostiles . | . . . . . . . . . . . . . . . . . . . . . . . . . . . . . . . . Parts Melted 2 | . . . . . . 1 . . . . . . . . . . . . . . . . . . 1 . . . . . . Heat Transferred 348 | . 150 . . . . 50 . . . . . . . . . . . . . . . . . . . 74 74 . . . . Parts Sabotaged . | . . . . . . . . . . . . . . . . . . . . . . . . . . . . . . . . Parts Stolen . | . . . . . . . . . . . . . . . . . . . . . . . . . . . . . . . . Parts Stripped . | . . . . . . . . . . . . . . . . . . . . . . . . . . . . . . . . Power Chain Reactions 1 | . 1 . . . . . . . . . . . . . . . . . . . . . . . . . . . . . . Alert | -11 -10 -10 -9 -9 -9 -8 -8 -8 -8 -7 -7 -7 -7 -6 -6 -5 -5 -5 -5 -4 -4 -4 -4 -3 -3 -2 -2 -2 -2 -1 -1 ------- Run | Yrd Mat Min Mat Min Exi Min Mat Gar Mat Fac Gar Fac Gar Fac Gar Fac Gar Fac Gar Fac Gar Fac Gar Res Gar Res Gar Res Gar Acc Com Peak Influence 1933 | . 322 30 660 431 . 216 1120 1933 1732 783 960 559 1225 1087 1603 854 1550 939 1393 1008 639 594 321 135 413 397 212 97 110 40 95 Initial 941 | . . . 11 226 . . 83 728 941 726 278 504 304 642 760 841 597 813 657 730 639 293 300 135 101 231 212 74 72 40 . Average 673 | . 82 12 402 342 . 96 584 1359 1263 518 542 488 870 863 1255 846 1185 912 1098 864 594 395 206 135 275 271 74 88 45 9 26 Maximum Alert Level 5 | . 1 . 2 2 . 1 4 5 5 3 3 2 4 3 5 3 4 3 4 3 2 2 1 . 2 1 1 . . . . Low Security (%) 20 | . 90 100 14 . . 64 13 . . . . . . . . . . . . . . . 47 100 10 . 94 100 100 100 100 Level 1 19 | . 9 . 33 62 . 35 26 . . 37 29 23 3 . . . . . . . . 60 52 . 80 100 5 . . . . Level 2 15 | . . . 52 37 . . 18 . . 42 44 77 22 28 . . 5 . 6 . 100 39 . . 8 . . . . . . Level 3 23 | . . . . . . . 34 32 48 19 25 . 41 71 27 100 35 100 48 100 . . . . . . . . . . . Level 4 13 | . . . . . . . 7 26 24 . . . 31 . 60 . 58 . 44 . . . . . . . . . . . . Level 5 7 | . . . . . . . . 41 27 . . . . . 11 . . . . . . . . . . . . . . . . High Security . | . . . . . . . . . . . . . . . . . . . . . . . . . . . . . . . . Max Security . | . . . . . . . . . . . . . . . . . . . . . . . . . . . . . . . . Squads Dispatched 55 | . 3 . 5 2 . . 11 . 11 2 . 2 . 3 . . . . . 6 . 2 . . . 4 . . . 2 2 Investigation 14 | . 2 . 2 1 . . 2 . 1 2 . . . . . . . . . 1 . 1 . . . 2 . . . . . Extermination 5 | . . . . . . . . . . . . . . 1 . . . . . 1 . 1 . . . . . . . 1 1 Reinforcement 16 | . 1 . 3 . . . 2 . 3 . . . . . . . . . . 3 . . . . . 2 . . . 1 1 Assault 14 | . . . . 1 . . 2 . 7 . . 1 . 2 . . . . . 1 . . . . . . . . . . . Garrison 6 | . . . . . . . 5 . . . . 1 . . . . . . . . . . . . . . . . . . . Intercept . | . . . . . . . . . . . . . . . . . . . . . . . . . . . . . . . . Searches Triggered . | . . . . . . . . . . . . . . . . . . . . . . . . . . . . . . . . Construction Impeded 2 | . . . . . . . . . 1 . . . . . . . . . . . . . . . . . . . . 1 . Haulers Reinforced . | . . . . . . . . . . . . . . . . . . . . . . . . . . . . . . . . Active Scanning Responses . | . . . . . . . . . . . . . . . . . . . . . . . . . . . . . . . . Cargo Convoy Interrupts . | . . . . . . . . . . . . . . . . . . . . . . . . . . . . . . . . Alert ID Control Effect 98 | . . . . . . . . . . . . . . . . . . . . . . 1 20 . 14 6 23 . 15 11 8 Stealth | -11 -10 -10 -9 -9 -9 -8 -8 -8 -8 -7 -7 -7 -7 -6 -6 -5 -5 -5 -5 -4 -4 -4 -4 -3 -3 -2 -2 -2 -2 -1 -1 --------- Run | Yrd Mat Min Mat Min Exi Min Mat Gar Mat Fac Gar Fac Gar Fac Gar Fac Gar Fac Gar Fac Gar Fac Gar Res Gar Res Gar Res Gar Acc Com Distress Signals 24 | . 3 . 2 . . . 6 . 3 . . . . 1 . . . . . 1 . 3 . . . 2 . . . 1 2 Communications Jammed . | . . . . . . . . . . . . . . . . . . . . . . . . . . . . . . . . Distress Signals . | . . . . . . . . . . . . . . . . . . . . . . . . . . . . . . . . Times Spotted 683 | . 20 5 45 20 . 6 74 31 80 6 27 11 25 7 28 . 28 1 24 14 13 15 45 . 27 16 37 1 39 21 17 Peak Tracking Total 14 | . 6 11 5 6 . 4 6 5 14 1 11 4 5 3 9 . 5 4 7 7 9 7 8 . 11 6 7 1 8 6 8 Tactical Retreats 33 | . 2 . 1 . . . 3 2 1 1 2 . 1 . 1 . . . . 1 1 5 3 . 1 3 1 . 3 . 1 Traps | -11 -10 -10 -9 -9 -9 -8 -8 -8 -8 -7 -7 -7 -7 -6 -6 -5 -5 -5 -5 -4 -4 -4 -4 -3 -3 -2 -2 -2 -2 -1 -1 ------- Run | Yrd Mat Min Mat Min Exi Min Mat Gar Mat Fac Gar Fac Gar Fac Gar Fac Gar Fac Gar Fac Gar Fac Gar Res Gar Res Gar Res Gar Acc Com Traps Triggered 79 | . 3 . 3 . . . 1 8 2 . 2 3 5 1 9 . 11 . 3 1 1 . 7 . 3 2 7 . 4 3 . Indirectly . | . . . . . . . . . . . . . . . . . . . . . . . . . . . . . . . . Trap Hack Attempts . | . . . . . . . . . . . . . . . . . . . . . . . . . . . . . . . . Triggered . | . . . . . . . . . . . . . . . . . . . . . . . . . . . . . . . . Disarmed . | . . . . . . . . . . . . . . . . . . . . . . . . . . . . . . . . Reprogrammed 5 | . . . . . . . . . . . . . . . . . . . . . . . . . . . . 5 . . . Reused . | . . . . . . . . . . . . . . . . . . . . . . . . . . . . . . . . Traps Extracted . | . . . . . . . . . . . . . . . . . . . . . . . . . . . . . . . . Installed . | . . . . . . . . . . . . . . . . . . . . . . . . . . . . . . . . Triggered . | . . . . . . . . . . . . . . . . . . . . . . . . . . . . . . . . Machines | -11 -10 -10 -9 -9 -9 -8 -8 -8 -8 -7 -7 -7 -7 -6 -6 -5 -5 -5 -5 -4 -4 -4 -4 -3 -3 -2 -2 -2 -2 -1 -1 ---------- Run | Yrd Mat Min Mat Min Exi Min Mat Gar Mat Fac Gar Fac Gar Fac Gar Fac Gar Fac Gar Fac Gar Fac Gar Res Gar Res Gar Res Gar Acc Com Machines Disabled 72 | . 2 . . . . 1 6 2 4 . 5 . 5 4 8 . 6 . 5 . . 1 4 . 10 . 5 . 4 . . Max in Single Turn 2 | . 1 . . . . 1 2 1 1 . 1 . 1 . 2 . 1 . 1 . . . 1 . 1 . 1 . 1 . . Garrison Access 1 | . . . . . . . . . . . . . . 1 . . . . . . . . . . . . . . . . . Garrison Relay 36 | . . . . . . . . 2 . . 2 . 5 . 5 . 4 . 2 . . . 4 . 5 . 4 . 3 . . Phase Generator 1 | . . . . . . . . . . . . . . . 1 . . . . . . . . . . . . . . . . Machines Repaired . | . . . . . . . . . . . . . . . . . . . . . . . . . . . . . . . . Machines Dismantled . | . . . . . . . . . . . . . . . . . . . . . . . . . . . . . . . . Machines Sabotaged . | . . . . . . . . . . . . . . . . . . . . . . . . . . . . . . . . Overloaded Fab Kills . | . . . . . . . . . . . . . . . . . . . . . . . . . . . . . . . . Hacking | -11 -10 -10 -9 -9 -9 -8 -8 -8 -8 -7 -7 -7 -7 -6 -6 -5 -5 -5 -5 -4 -4 -4 -4 -3 -3 -2 -2 -2 -2 -1 -1 --------- Run | Yrd Mat Min Mat Min Exi Min Mat Gar Mat Fac Gar Fac Gar Fac Gar Fac Gar Fac Gar Fac Gar Fac Gar Res Gar Res Gar Res Gar Acc Com Machines Accessed 118 | . 6 . 5 1 2 . 13 5 4 14 2 7 4 4 4 1 1 1 3 2 1 10 1 1 3 7 3 3 2 7 1 Terminals 97 | . 6 . 5 . . . 11 5 4 11 2 4 4 3 4 . 1 . 3 1 1 9 1 . 3 6 3 2 2 6 . Fabricators 4 | . . . . . . . . . . 1 . 2 . . . . . . . . . . . . . . . . . 1 . Repair Stations 2 | . . . . . . . 1 . . . . . . . . . . . . . . . . . . . . . . . 1 Recycling Units . | . . . . . . . . . . . . . . . . . . . . . . . . . . . . . . . . Scanalyzers . | . . . . . . . . . . . . . . . . . . . . . . . . . . . . . . . . Garrison Access 12 | . . . . . . . 1 . . 2 . 1 . 1 . 1 . 1 . 1 . 1 . 1 . 1 . 1 . . . Total Hacks 276 | . 13 . 10 1 5 . 38 10 11 55 4 20 8 6 7 1 2 1 3 3 1 28 1 1 5 13 8 7 3 10 1 Successful 135 | . 5 . 7 1 5 . 21 2 5 27 1 14 2 4 1 1 . 1 3 1 . 13 1 1 1 5 2 7 1 3 . Failed 139 | . 8 . 3 . . . 16 8 6 28 3 6 6 2 6 . 2 . . 2 1 14 . . 4 8 6 . 2 7 1 Catastrophic 18 | . 1 . . . . . . 3 . 6 . 2 . 1 1 . . . . . . 1 . . 1 1 . . . 1 . Database Lockouts 2 | . . . . . . . 1 . . . . . . . . . . . . . . 1 . . . . . . . . . Manual 137 | . 14 . 9 . 1 . 27 . 4 33 . 6 . 4 . . . . . 2 . 23 . . . 8 . 2 . 4 . Terminals 230 | . 13 . 10 . . . 34 10 11 44 4 6 8 5 7 . 2 . 3 1 1 27 1 . 5 12 8 6 3 9 . Fabricators 22 | . . . . . . . . . . 8 . 13 . . . . . . . . . . . . . . . . . 1 . Repair Stations 4 | . . . . . . . 3 . . . . . . . . . . . . . . . . . . . . . . . 1 Recycling Units . | . . . . . . . . . . . . . . . . . . . . . . . . . . . . . . . . Scanalyzers . | . . . . . . . . . . . . . . . . . . . . . . . . . . . . . . . . Garrison Access 14 | . . . . . . . 1 . . 3 . 1 . 1 . 1 . 1 . 2 . 1 . 1 . 1 . 1 . . . Terminal Hacks 53 | . 2 . 2 1 5 . 6 2 2 8 1 . 2 1 1 . . . 3 . . 4 1 . 1 1 2 4 1 3 . Record 6 | . . . . . 4 . . . . . . . . . . . . . . . . 1 . . . . . 1 . . . Robot Schematic 1 | . . . . . . . . . . 1 . . . . . . . . . . . . . . . . . . . . . Robot Analysis 9 | . 2 . 1 . . . 1 . . 3 . . . . . . . . . . . 2 . . . . . . . . . Prototype ID Bank 1 | . . . . . . . . . 1 . . . . . . . . . . . . . . . . . . . . . . Open Door 10 | . . . . 1 . . . 1 . . . . 1 . 1 . . . 1 . . . . . . . 1 . 1 3 . Emergency Access Points 3 | . . . . . . . . . . . . . 1 . . . . . . . . . 1 . . . 1 . . . . Machine Index 1 | . . . . . . . 1 . . . . . . . . . . . . . . . . . . . . . . . . Terminal Index 4 | . . . . . . . 1 . . 1 . . . . . . . . . . . 1 . . . 1 . . . . . Unreport Threat 2 | . . . . . . . . . . 2 . . . . . . . . . . . . . . . . . . . . . Locate Traps 3 | . . . . . . . . . 1 . . . . 1 . . . . . . . . . . . . . 1 . . . Reprogram Traps 1 | . . . . . . . . . . . . . . . . . . . . . . . . . . . . 1 . . . Recall Investigation 1 | . . . . . . . . . . 1 . . . . . . . . . . . . . . . . . . . . . Hauler Manifests 3 | . . . 1 . . . 2 . . . . . . . . . . . . . . . . . . . . . . . . Zone Layout 2 | . . . . . . . 1 . . . . . . . . . . . . . . . . . . . . 1 . . . Garrison Registry 3 | . . . . . . . . . . . 1 . . . . . . . 1 . . . . . 1 . . . . . . Patrol Navigation 1 | . . . . . . . . 1 . . . . . . . . . . . . . . . . . . . . . . . Security Stations 1 | . . . . . . . . . . . . . . . . . . . 1 . . . . . . . . . . . . Derelict Proto ID Bank 1 | . . . . . 1 . . . . . . . . . . . . . . . . . . . . . . . . . . Fabricator Hacks 14 | . . . . . . . . . . 4 . 10 . . . . . . . . . . . . . . . . . . . Load Schematic 7 | . . . . . . . . . . 2 . 5 . . . . . . . . . . . . . . . . . . . Build 7 | . . . . . . . . . . 2 . 5 . . . . . . . . . . . . . . . . . . . Repair Station Hacks 2 | . . . . . . . 2 . . . . . . . . . . . . . . . . . . . . . . . . Scan Component 1 | . . . . . . . 1 . . . . . . . . . . . . . . . . . . . . . . . . Repair 1 | . . . . . . . 1 . . . . . . . . . . . . . . . . . . . . . . . . Recycling Unit Hacks . | . . . . . . . . . . . . . . . . . . . . . . . . . . . . . . . . Scanalyzer . | . . . . . . . . . . . . . . . . . . . . . . . . . . . . . . . . Garrison Access Hacks 13 | . . . . . . . 1 . . 3 . 1 . 1 . 1 . 1 . 1 . 1 . 1 . 1 . 1 . . . Unlock Access 12 | . . . . . . . 1 . . 2 . 1 . 1 . 1 . 1 . 1 . 1 . 1 . 1 . 1 . . . Coupler Status 1 | . . . . . . . . . . 1 . . . . . . . . . . . . . . . . . . . . . Unauthorized Hacks 53 | . 3 . 5 . . . 12 . 3 12 . 3 . 2 . . . . . . . 8 . . . 3 . 2 . . . Terminals 52 | . 3 . 5 . . . 12 . 3 12 . 2 . 2 . . . . . . . 8 . . . 3 . 2 . . . Assimilate 4 | . . . . . . . . . . 3 . . . . . . . . . . . 1 . . . . . . . . . Botnet 44 | . 3 . 4 . . . 11 . 3 8 . 2 . 2 . . . . . . . 6 . . . 3 . 2 . . . Disrupt 3 | . . . 1 . . . 1 . . . . . . . . . . . . . . 1 . . . . . . . . . Operators 1 | . . . . . . . . . . 1 . . . . . . . . . . . . . . . . . . . . . Fabricators 1 | . . . . . . . . . . . . 1 . . . . . . . . . . . . . . . . . . . Liberate 1 | . . . . . . . . . . . . 1 . . . . . . . . . . . . . . . . . . . Repair Stations . | . . . . . . . . . . . . . . . . . . . . . . . . . . . . . . . . Recycling Units . | . . . . . . . . . . . . . . . . . . . . . . . . . . . . . . . . Scanalyzers . | . . . . . . . . . . . . . . . . . . . . . . . . . . . . . . . . Garrison Access . | . . . . . . . . . . . . . . . . . . . . . . . . . . . . . . . . Data Cores Recovered 1 | . . . . . . . 1 . . . . . . . . . . . . . . . . . . . . . . . . Used . | . . . . . . . . . . . . . . . . . . . . . . . . . . . . . . . . Hacking Detections 88 | . 6 . 3 . . . 8 3 4 13 1 6 3 3 3 1 1 1 . 2 1 9 1 1 3 4 3 1 1 5 1 Full Trace Events 10 | . . . . . . . 2 1 . 2 1 . 1 . . . . . . . . 1 . . . 2 . . . . . Feedback Events . | . . . . . . . . . . . . . . . . . . . . . . . . . . . . . . . . Feedback Blocked . | . . . . . . . . . . . . . . . . . . . . . . . . . . . . . . . . Robot Schematics Acquired 1 | . . . . . . . . . . 1 . . . . . . . . . . . . . . . . . . . . . Robots Built 14 | . . . . . . . . . . 4 . 10 . . . . . . . . . . . . . . . . . . . Authchips 7 | . . . . . . . . . . 2 . 5 . . . . . . . . . . . . . . . . . . . Time 532 | . . . . . . . . . . 152 . 380 . . . . . . . . . . . . . . . . . . . Total Robot Build Rating 70 | . . . . . . . . . . 20 . 50 . . . . . . . . . . . . . . . . . . . Part Schematics Acquired . | . . . . . . . . . . . . . . . . . . . . . . . . . . . . . . . . Parts Built . | . . . . . . . . . . . . . . . . . . . . . . . . . . . . . . . . Authchips . | . . . . . . . . . . . . . . . . . . . . . . . . . . . . . . . . Time . | . . . . . . . . . . . . . . . . . . . . . . . . . . . . . . . . Total Part Build Rating . | . . . . . . . . . . . . . . . . . . . . . . . . . . . . . . . . Parts Repaired 1 | . . . . . . . 1 . . . . . . . . . . . . . . . . . . . . . . . . Time 38 | . . . . . . . 38 . . . . . . . . . . . . . . . . . . . . . . . . Parts Recycled . | . . . . . . . . . . . . . . . . . . . . . . . . . . . . . . . . Recycled Matter . | . . . . . . . . . . . . . . . . . . . . . . . . . . . . . . . . Retrieved Matter . | . . . . . . . . . . . . . . . . . . . . . . . . . . . . . . . . Retrieved Components . | . . . . . . . . . . . . . . . . . . . . . . . . . . . . . . . . Parts Scanalyzed . | . . . . . . . . . . . . . . . . . . . . . . . . . . . . . . . . Part Schematics Acquired . | . . . . . . . . . . . . . . . . . . . . . . . . . . . . . . . . Parts Damaged . | . . . . . . . . . . . . . . . . . . . . . . . . . . . . . . . . Bothacking | -11 -10 -10 -9 -9 -9 -8 -8 -8 -8 -7 -7 -7 -7 -6 -6 -5 -5 -5 -5 -4 -4 -4 -4 -3 -3 -2 -2 -2 -2 -1 -1 ------------ Run | Yrd Mat Min Mat Min Exi Min Mat Gar Mat Fac Gar Fac Gar Fac Gar Fac Gar Fac Gar Fac Gar Fac Gar Res Gar Res Gar Res Gar Acc Com Used RIF Installer 12 | . . . . . . . . 1 . . 1 . 2 . 1 . 1 . 1 . 1 . 1 . 1 . 1 . 1 . . Command Fork 3 | . . . . . . . . . . . . . 1 . 1 . . . 1 . . . . . . . . . . . . Threat Obfuscator 1 | . . . . . . . . . . . . . . . . . . . . . . . . . 1 . . . . . . Robot Detection 1 | . . . . . . . . . . . . . . . . . . . . . . . 1 . . . . . . . . Alert ID Control 1 | . . . . . . . . . . . . . . . . . . . . . 1 . . . . . . . . . . Structural Interface 1 | . . . . . . . . . . . . . . . . . 1 . . . . . . . . . . . . . . Program Shield 1 | . . . . . . . . . . . 1 . . . . . . . . . . . . . . . . . . . . Autooverride 2 | . . . . . . . . . . . . . 1 . . . . . . . . . . . . . . . 1 . . Crosswire 1 | . . . . . . . . . . . . . . . . . . . . . . . . . . . 1 . . . . Robots Hacked 184 | . . . . . . . . . . . . . 15 13 13 1 7 2 4 1 2 3 18 . 18 4 27 2 23 23 8 Non-combat 19 | . . . . . . . . . . . . . . 9 . 1 . 1 . . . 2 . . . . . . . 4 2 Combat 165 | . . . . . . . . . . . . . 15 4 13 . 7 1 4 1 2 1 18 . 18 4 27 2 23 19 6 Autooverrided 66 | . . . . . . . . . . . . . . . 2 . 1 . 1 1 2 . 10 . 8 1 11 . 12 14 3 Robot Hacks Applied 128 | . . . . . . . . . . . . . 16 17 12 1 6 2 3 . . 3 10 . 11 3 16 2 12 9 5 parse_system 14 | . . . . . . . . . . . . . 1 2 4 . . . 1 . . . . . 2 . 3 . 1 . . no_distress 3 | . . . . . . . . . . . . . . 1 . 1 . 1 . . . . . . . . . . . . . find_chute 4 | . . . . . . . . . . . . . . 4 . . . . . . . . . . . . . . . . . map_walls 1 | . . . . . . . . . . . . . . . . . . . . . . . . . . . . . . 1 . map_earth 1 | . . . . . . . . . . . . . . 1 . . . . . . . . . . . . . . . . . drop_inventory 5 | . . . . . . . . . . . . . . 3 . . . . . . . 1 . . . . . . . 1 . find_recycling 1 | . . . . . . . . . . . . . . 1 . . . . . . . . . . . . . . . . . map_route 4 | . . . . . . . . . . . . . . . . . . . . . . 1 . . . . . . . 2 1 find_shortcuts 2 | . . . . . . . . . . . . . 1 . . . . . . . . . . . . . . . . . 1 find_garrison 2 | . . . . . . . . . . . . . . 2 . . . . . . . . . . . . . . . . . scatter_targeting 2 | . . . . . . . . . . . . . 1 1 . . . . . . . . . . . . . . . . . link_complan 1 | . . . . . . . . . . . . . . . 1 . . . . . . . . . . . . . . . . disrupt_area 3 | . . . . . . . . . . . . . 1 . . . 1 . . . . . . . . . . . 1 . . spike_heat 1 | . . . . . . . . . . . . . . 1 . . . . . . . . . . . . . . . . . amplify_resonance 5 | . . . . . . . . . . . . . . . 2 . 1 . . . . . 1 . 1 . . . . . . wipe_record 1 | . . . . . . . . . . . . . . 1 . . . . . . . . . . . . . . . . . reboot_system 2 | . . . . . . . . . . . . . . . . . . . . . . . 2 . . . . . . . . go_dormant 1 | . . . . . . . . . . . . . . . . . . . 1 . . . . . . . . . . . . overwrite_iff 16 | . . . . . . . . . . . . . 1 . 1 . . . . . . 1 5 . . . 1 . 6 . 1 streamctrl_high 1 | . . . . . . . . . . . . . 1 . . . . . . . . . . . . . . . . . . formatsys_low 1 | . . . . . . . . . . . . . . . . . . . . . . . . . . . . . . . 1 formatsys_high 54 | . . . . . . . . . . . . . 10 . 4 . 4 1 1 . . . 2 . 8 3 10 2 3 5 1 formatsys_deep 3 | . . . . . . . . . . . . . . . . . . . . . . . . . . . 2 . 1 . . Relay Couplers Released 146 | . . . . . . . . 8 . . 7 . 24 1 22 . 15 . 7 . . . 15 . 21 . 16 . 10 . . Machine Destruction 146 | . . . . . . . . 8 . . 7 . 24 1 22 . 15 . 7 . . . 15 . 21 . 16 . 10 . . Attached 98 | . . . . . . . . . . 2 1 . 12 . 13 . 8 . 3 2 2 . 11 . 15 2 18 . 6 3 . Crosswired 22 | . . . . . . . . . . . . . . . . . . . . . . . . . . . 17 . 5 . . Fabnet Peak Effective % . | . . . . . . . . . . . . . . . . . . . . . . . . . . . . . . . . Robots Rewired 25 | . . . . . . . . . . . . . 2 . 4 . 2 . 4 . . . 9 . 4 . . . . . . Allies Hacked 1 | . . . . . . . . . . . . . 1 . . . . . . . . . . . . . . . . . . Hacks Repelled . | . . . . . . . . . . . . . . . . . . . . . . . . . . . . . . . . Allies | -11 -10 -10 -9 -9 -9 -8 -8 -8 -8 -7 -7 -7 -7 -6 -6 -5 -5 -5 -5 -4 -4 -4 -4 -3 -3 -2 -2 -2 -2 -1 -1 -------- Run | Yrd Mat Min Mat Min Exi Min Mat Gar Mat Fac Gar Fac Gar Fac Gar Fac Gar Fac Gar Fac Gar Fac Gar Res Gar Res Gar Res Gar Acc Com Total Allies 234 | . . . . 1 . . . 1 . 7 1 12 15 . 12 . 11 1 9 1 2 3 31 . 22 4 39 2 32 21 7 Largest Group 14 | . . . . 1 1 1 . 1 1 5 5 10 13 13 6 4 10 7 11 6 1 2 6 . 13 13 14 5 14 12 8 Highest-Rated Group 864 | . . . . 31 31 31 . 20 20 198 198 430 460 418 298 298 566 314 531 399 49 96 352 . 764 764 800 391 864 650 617 Highest-Rated Ally 178 | . . . . 31 31 31 . 20 20 43 43 43 43 43 116 116 148 80 119 119 49 49 116 . 148 178 178 178 178 178 178 Total Orders 55 | . . . . . . . . . . . 8 3 18 . 8 . 5 2 . . . . . . 2 . 2 . 4 3 . STAY 34 | . . . . . . . . . . . 6 1 13 . 4 . 3 . . . . . . . 1 . 1 . 3 2 . ROAM 1 | . . . . . . . . . . . . 1 . . . . . . . . . . . . . . . . . . . FOLLOW 19 | . . . . . . . . . . . 2 1 5 . 4 . 2 1 . . . . . . 1 . 1 . 1 1 . AID 1 | . . . . . . . . . . . . . . . . . . 1 . . . . . . . . . . . . . Ally Attacks 1211 | . . . . 15 . 1 . . 5 . 39 40 65 39 65 . 106 15 88 41 2 5 107 . 118 77 169 . 120 52 42 Total Damage 39327 | . . . . 226 . . . . 153 . 1268 1365 1523 1491 1244 . 3659 268 2639 1606 41 135 4638 . 4408 2422 5118 . 3735 1476 1912 Kills 248 | . . . . 3 . . . . . . 13 9 17 14 14 . 24 5 20 14 . 1 20 . 20 12 24 . 17 12 9 Allies Corrupted 5 | . . . . . . . . . . . . . 1 . . . . . . . . . . . . 1 1 . . 1 1 Allies Melted 3 | . . . . . . . . . . . . . . . . . . . . . . . . . . . 3 . . . . Intel | -11 -10 -10 -9 -9 -9 -8 -8 -8 -8 -7 -7 -7 -7 -6 -6 -5 -5 -5 -5 -4 -4 -4 -4 -3 -3 -2 -2 -2 -2 -1 -1 ------- Run | Yrd Mat Min Mat Min Exi Min Mat Gar Mat Fac Gar Fac Gar Fac Gar Fac Gar Fac Gar Fac Gar Fac Gar Res Gar Res Gar Res Gar Acc Com Robot Analysis Total 8 | . 2 . 1 . . . 1 . . 2 . . . . . . . . . . . 2 . . . . . . . . . Derelict Logs Recovered 2 | . . . . 2 . . . . . . . . . . . . . . . . . . . . . . . . . . . Drone Launches . | . . . . . . . . . . . . . . . . . . . . . . . . . . . . . . . . Drone Recoveries . | . . . . . . . . . . . . . . . . . . . . . . . . . . . . . . . . Exploration | -11 -10 -10 -9 -9 -9 -8 -8 -8 -8 -7 -7 -7 -7 -6 -6 -5 -5 -5 -5 -4 -4 -4 -4 -3 -3 -2 -2 -2 -2 -1 -1 ------------- Run | Yrd Mat Min Mat Min Exi Min Mat Gar Mat Fac Gar Fac Gar Fac Gar Fac Gar Fac Gar Fac Gar Fac Gar Res Gar Res Gar Res Gar Acc Com Turns Passed 24333 | . 1677 96 1742 814 481 242 3312 2181 2471 638 388 800 1135 353 1140 41 1081 72 370 679 56 466 819 3 996 374 733 192 356 334 291 Spaces Moved 22744 | 1 745 36 807 440 251 97 1113 979 906 1093 696 752 1736 608 1915 46 1521 113 436 500 149 1034 1031 8 1226 963 1018 303 695 675 851 Core 265 | . . . . . . . . . . . . . 45 . . . . . 43 30 . . 138 . 9 . . . . . . Treads 4617 | . . 24 807 440 251 97 1113 979 906 . . . . . . . . . . . . . . . . . . . . . . Legs 758 | 1 745 12 . . . . . . . . . . . . . . . . . . . . . . . . . . . . . Wheels . | . . . . . . . . . . . . . . . . . . . . . . . . . . . . . . . . Hover . | . . . . . . . . . . . . . . . . . . . . . . . . . . . . . . . . Flight 17104 | . . . . . . . . . . 1093 696 752 1691 608 1915 46 1521 113 393 470 149 1034 893 8 1217 963 1018 303 695 675 851 Fastest Speed 14 | 120 120 160 160 160 160 240 240 160 160 29 29 30 30 29 29 29 29 29 29 29 29 30 29 29 29 19 19 29 29 22 14 Average Speed 72 | 120 187 170 161 160 191 240 242 199 217 29 29 30 33 29 29 29 32 29 45 39 30 32 46 29 50 24 32 33 29 23 21 Slowest Speed 320 | 120 260 190 240 160 240 240 245 245 320 29 30 30 150 30 29 29 97 29 200 200 32 40 150 29 200 37 37 34 29 99 100 Overloaded Moves 55 | . . . . . . . . . . . . . . . . . . . . . . . . . . . . . . . 55 Propulsion Burnouts . | . . . . . . . . . . . . . . . . . . . . . . . . . . . . . . . . Robots Hopped 136 | . . . . . . . . . . 1 6 . 2 4 2 . 57 2 11 8 1 . 2 . 7 4 2 1 6 2 18 Cave-ins Triggered . | . . . . . . . . . . . . . . . . . . . . . . . . . . . . . . . . Exploration Rate (%) 49 | 2 96 18 63 84 60 29 91 85 75 27 66 23 95 15 99 1 94 3 51 12 31 35 96 1 91 22 95 13 72 16 33 Regions Visited 31 Branch Regions 5 Pre-discovered Areas 2 | . . . . 1 1 . . . . . . . . . . . . . . . . . . . . . . . . . . Known Exits Taken 11 | . . . . . . . 1 . . 1 . 1 . 1 . 1 . 1 . 1 . 1 . 1 . 1 . 1 . . . Unknown Exits Taken 9 | 1 1 1 1 1 1 1 . . 1 . . . . . . . . . . . . . . . . . . . . 1 . Scrap Searched 2 | . . . . 2 . . . . . . . . . . . . . . . . . . . . . . . . . . . Spaces Dug 88 | . . . . . . . 1 4 . 17 . 3 . 3 1 3 . 2 . 3 . 14 . . . 2 25 . . . 10 Terrain Destroyed 406 | . 2 1 . . . 22 118 11 98 17 . 3 . 3 72 3 . 2 . 3 . 14 . . . 2 25 . . . 10 Melee 61 | . . . . . . . . 4 . 17 . 3 . 3 1 3 . 2 . 3 . 14 . . . 1 . . . . 10 Projectile 110 | . . 1 . . . 6 95 7 . . . . . . . . . . . . . . . . . 1 . . . . . AOE 235 | . 2 . . . . 16 23 . 98 . . . . . 71 . . . . . . . . . . . 25 . . . . Terrain Rammed . | . . . . . . . . . . . . . . . . . . . . . . . . . . . . . . . . Walls Destroyed . | . . . . . . . . . . . . . . . . . . . . . . . . . . . . . . . . Machines Disabled . | . . . . . . . . . . . . . . . . . . . . . . . . . . . . . . . . Actions | -11 -10 -10 -9 -9 -9 -8 -8 -8 -8 -7 -7 -7 -7 -6 -6 -5 -5 -5 -5 -4 -4 -4 -4 -3 -3 -2 -2 -2 -2 -1 -1 --------- Run | Yrd Mat Min Mat Min Exi Min Mat Gar Mat Fac Gar Fac Gar Fac Gar Fac Gar Fac Gar Fac Gar Fac Gar Res Gar Res Gar Res Gar Acc Com Total 29238 | . 904 61 1067 493 254 108 1589 1149 1200 1380 835 1316 2222 762 2421 65 2022 143 578 968 157 1141 1350 8 1571 1083 1398 391 838 842 922 Wait 4301 | . 67 17 106 11 . 2 283 88 149 246 82 553 300 124 266 15 328 28 98 469 2 79 143 . 186 73 246 82 73 137 48 Move 22494 | . 744 35 806 439 250 96 1112 978 905 1090 685 751 1730 600 1910 45 1439 108 418 485 146 1033 1026 8 1215 954 1013 300 684 670 819 Hop 83 | . . . . . . . . . . 1 4 . 2 4 2 . 24 2 6 6 1 . 2 . 3 4 2 1 4 2 13 Pick Up 112 | . 13 1 13 1 . 3 18 7 2 1 5 . 11 . 6 . 5 . 1 . . 1 7 . 7 2 2 . 2 1 3 Fast Attach 177 | . 4 . 10 2 1 2 18 4 9 2 3 2 13 1 5 . 8 . 1 2 . 7 15 . 14 10 23 . 5 11 5 Attach 78 | . 5 3 5 . . . 8 4 3 9 . 4 4 1 3 . 2 . . 2 2 . 4 . 6 2 2 . 3 3 3 Detach 30 | . 3 . 1 . . . 6 1 . 1 . . 2 1 3 . . . . . . . 2 . 1 1 3 . 2 1 2 Swap 105 | . . . 12 4 . 1 13 5 19 1 2 . 5 3 8 . 2 . 2 . . . 4 . 7 4 7 3 1 1 1 Drop 203 | . 3 . 27 7 3 4 38 11 16 9 8 1 7 3 6 . 8 . 2 1 . 3 2 . 12 8 13 2 1 2 6 Fire 623 | . 65 5 86 29 . . 93 18 94 . . . 23 22 37 1 14 2 10 . . . 13 . 19 9 33 3 24 12 11 Melee 247 | . . . . . . . . 23 . 20 20 5 31 3 31 4 12 3 7 3 . 18 35 . 18 4 . . . . 10 Ram . | . . . . . . . . . . . . . . . . . . . . . . . . . . . . . . . . Kick . | . . . . . . . . . . . . . . . . . . . . . . . . . . . . . . . . Crush 4 | . . . 1 . . . . . 3 . . . . . . . . . . . . . . . . . . . . . . Escape Stasis 714 | . . . . . . . . 10 . . 26 . 77 . 144 . 178 . 30 . 6 . 69 . 70 11 54 . 38 . 1 Rewire 67 | . . . . . . . . . . . . . 17 . . . 2 . 3 . . . 28 . 13 1 . . 1 2 . Trap . | . . . . . . . . . . . . . . . . . . . . . . . . . . . . . . . . Miscellaneous . | . . . . . . . . . . . . . . . . . . . . . . . . . . . . . . . . Route ------- -11/Scrapyard -10/Materials (discovered 4 exits: *Mat x3 / [*Min]) -10/Mines -9/Materials (discovered 5 exits: *Mat x2 / *Min / [*Sto x2]) -9/Mines (discovered 3 exits: *Mat x2 / *Exi) -9/Exiles -8/Mines -8/Materials (discovered 4 exits: *Fac x3 / Gar) -8/Garrison (discovered 3 exits: *Mat x3) -8/Materials (discovered 3 exits: *Fac x3) -7/Factory (discovered 2 exits: Gar / Gar) -7/Garrison (discovered 4 exits: *Fac x4) -7/Factory (discovered 3 exits: [*Low x2] / Gar) -7/Garrison (discovered 3 exits: *Fac x3) -6/Factory (discovered 2 exits: *Fac / Gar) -6/Garrison (discovered 3 exits: *Fac x3) -5/Factory -5/Garrison (discovered 3 exits: *Fac x3) -5/Factory -5/Garrison (discovered 3 exits: *Fac x3) -4/Factory -4/Garrison -4/Factory (discovered 4 exits: *Res x3 / Gar) -4/Garrison (discovered 3 exits: *Res x3) -3/Research -3/Garrison (discovered 3 exits: *Res x3) -2/Research (discovered 2 exits: [*Qua] / Gar) -2/Garrison (discovered 3 exits: *Res x3) -2/Research -2/Garrison (discovered 2 exits: *Acc x2) -1/Access -1/Command 0b10 Command History --------- Turn | Location | Event 1 | -11/Scrapyard | Discovered new exit (range 0) 1 | -11/Scrapyard | Entered Materials 305 | -10/Materials | Build established: Mutant 460 | -10/Materials | Discovered new exit (range 16) 627 | -10/Materials | Discovered new exit (range 16) 858 | -10/Materials | Core integrity fell below 50% 870 | -10/Materials | Discovered new exit (range 10) 1429 | -10/Materials | Discovered new exit (range 11) 1678 | -10/Materials | Entered Mines 1687 | -10/Mines | Assembled infested the area 1692 | -10/Mines | Assisted by a Guerilla fighting off Assembled 1720 | -10/Mines | Discovered new exit (range 12) 1761 | -10/Mines | Lost 3 parts (2n1u) 1774 | -10/Mines | Entered Materials 1774 | -9/Materials | Evolved 2 slots: Utility x1, Weapon x1 1999 | -9/Materials | Discovered new exit (range 15) 2084 | -9/Materials | Discovered new exit (range 15) 2114 | -9/Materials | Build established: Gunner 2258 | -9/Materials | Discovered new exit (range 5) 2386 | -9/Materials | Discovered new exit (range 11) 2663 | -9/Materials | Build established: Scavenger-Gunner 3020 | -9/Materials | Discovered new exit (range 6) 3516 | -9/Materials | Entered Mines 3614 | -9/Mines | Core integrity fell below 50% 3674 | -9/Mines | Met a Derelict shopkeep closing up shop 4018 | -9/Mines | Learned Materials stockpile data 4113 | -9/Mines | Discovered new exit (range 14) 4168 | -9/Mines | A weapon hastily lodged in a ceiling crevice suddenly fell to the ground 4217 | -9/Mines | Learned location of Zion (-6) 4241 | -9/Mines | Discovered new exit (range 6) 4254 | -9/Mines | Met a Derelict testing a Signal Generator 4322 | -9/Mines | Deemed a non-threat by the Exiles lab entrance 4322 | -9/Mines | Discovered new exit (range 5) 4330 | -9/Mines | Entered Exiles 4330 | -9/Exiles | Accompanied by 1 ally 4372 | -9/Exiles | Met 8R-AWN 4398 | -9/Exiles | Met EX-HEX 4500 | -9/Exiles | Met EX-BIN 4522 | -9/Exiles | Aligned with FarCom system 4524 | -9/Exiles | Given EX-Vault access code 4562 | -9/Exiles | Opened EX-Vault 4577 | -9/Exiles | Found AWS/Gauss 4631 | -9/Exiles | Warned to stay clear of 0b10 Research branches 4655 | -9/Exiles | Build established: Mutant 4698 | -9/Exiles | Met EX-DEC 4782 | -9/Exiles | Discovered new exit (range 14) 4811 | -9/Exiles | Left Exiles lab with AWS/Gauss 4811 | -9/Exiles | Entered Mines 4811 | -8/Mines | Accompanied by 1 ally 4955 | -8/Mines | Discovered new exit (range 11) 5053 | -8/Mines | Entered Materials 5053 | -8/Materials | Evolved 2 slots: Utility x2 5503 | -8/Materials | Discovered new exit (range 10) 5532 | -8/Materials | Build established: Scavenger-Tank 5850 | -8/Materials | Discovered new exit (range 14) 6262 | -8/Materials | Garrison activated, responded to threat 6399 | -8/Materials | Garrison activated, responded to threat 6725 | -8/Materials | Build established: Skirmisher 6734 | -8/Materials | Repaired Hrd. Medium Armor Plating 7066 | -8/Materials | Build established: Scavenger-Tank 7453 | -8/Materials | First assault squad dispatched 7518 | -8/Materials | Discovered new exit (range 16) 7733 | -8/Materials | Central database locked down 7848 | -8/Materials | Build established: Gunner 7910 | -8/Materials | Garrison activated, responded to threat 8307 | -8/Materials | Identified exit to Garrison 8365 | -8/Materials | Entered Garrison 8580 | -8/Garrison | Triggered checkpoint 8778 | -8/Garrison | Triggered checkpoint 8874 | -8/Garrison | Discovered new exit (range 8) 8966 | -8/Garrison | Triggered checkpoint 8973 | -8/Garrison | Garrison Relay disabled 9066 | -8/Garrison | Triggered checkpoint 9145 | -8/Garrison | Discovered new exit (range 9) 9178 | -8/Garrison | Triggered checkpoint 9261 | -8/Garrison | Garrison Relay disabled 9388 | -8/Garrison | Triggered checkpoint 9484 | -8/Garrison | Discovered new exit (range 11) 9580 | -8/Garrison | Triggered checkpoint 9842 | -8/Garrison | Triggered checkpoint 9929 | -8/Garrison | Build established: Mutant 10012 | -8/Garrison | Installed Relay Interface Framework 10181 | -8/Garrison | Rescued a captive Derelict 10546 | -8/Garrison | Entered Materials 10546 | -8/Materials | Accompanied by 1 ally 10803 | -8/Materials | Build established: Scavenger-Gunner 10946 | -8/Materials | First assault squad dispatched 11330 | -8/Materials | Build established: Scavenger-Tank 11648 | -8/Materials | Discovered new exit (range 6) 11930 | -8/Materials | Discovered new exit (range 3) 12896 | -8/Materials | Discovered new exit (range 16) 12989 | -8/Materials | Core integrity fell below 50% 13017 | -8/Materials | Entered Factory 13017 | -7/Factory | Evolved 2 slots: Propulsion x1, Utility x1 13026 | -7/Factory | Lost 4 parts (1n2u1w) 13164 | -7/Factory | Identified exit to Garrison 13315 | -7/Factory | Build established: Sprinter 13566 | -7/Factory | Fabricated X-67 Chaingunner (x2) 13642 | -7/Factory | Fabricated X-67 Chaingunner (x2) 13646 | -7/Factory | Identified exit to Garrison 13655 | -7/Factory | Entered Garrison 13655 | -7/Garrison | Accompanied by 5 allies 13772 | -7/Garrison | Triggered checkpoint 13840 | -7/Garrison | Triggered checkpoint 13844 | -7/Garrison | Triggered checkpoint 13851 | -7/Garrison | Triggered checkpoint 13876 | -7/Garrison | Triggered checkpoint 13903 | -7/Garrison | Discovered new exit (range 12) 13916 | -7/Garrison | Triggered checkpoint 13967 | -7/Garrison | Discovered new exit (range 35) 13967 | -7/Garrison | Discovered new exit (range 19) 13967 | -7/Garrison | Discovered new exit (range 51) 13967 | -7/Garrison | Discovered new exit (range 31) 13971 | -7/Garrison | Expanded RIF knowledge: Program Shield 14005 | -7/Garrison | Triggered checkpoint 14011 | -7/Garrison | Garrison Relay disabled 14022 | -7/Garrison | Garrison Relay disabled 14043 | -7/Garrison | Entered Factory 14086 | -7/Factory | Discovered new exit (range 4) 14096 | -7/Factory | Discovered new exit (range 11) 14289 | -7/Factory | Fabricated X-67 Chaingunner (x2) 14365 | -7/Factory | Fabricated X-67 Chaingunner (x2) 14441 | -7/Factory | Fabricated X-67 Chaingunner (x2) 14517 | -7/Factory | Fabricated X-67 Chaingunner (x2) 14593 | -7/Factory | Fabricated X-67 Chaingunner (x2) 14653 | -7/Factory | Build established: Commander-Sprinter 14719 | -7/Factory | Identified exit to Garrison 14722 | -7/Factory | Garrison activated, responded to threat 14843 | -7/Factory | First assault squad dispatched 14843 | -7/Factory | Entered Garrison 14843 | -7/Garrison | Accompanied by 7 allies 14876 | -7/Garrison | Triggered checkpoint 14881 | -7/Garrison | Garrison Relay disabled 14888 | -7/Garrison | Garrison Relay disabled 14954 | -7/Garrison | Triggered checkpoint 15116 | -7/Garrison | Triggered checkpoint 15207 | -7/Garrison | Expanded RIF knowledge: Autooverride 15231 | -7/Garrison | Discovered new exit (range 11) 15301 | -7/Garrison | Expanded RIF knowledge: Command Fork 15312 | -7/Garrison | Garrison Relay disabled 15322 | -7/Garrison | Triggered checkpoint 15354 | -7/Garrison | Triggered checkpoint 15367 | -7/Garrison | Garrison Relay disabled 15484 | -7/Garrison | Discovered new exit (range 6) 15570 | -7/Garrison | Lost 3 allies 15656 | -7/Garrison | Triggered checkpoint 15680 | -7/Garrison | Triggered checkpoint 15734 | -7/Garrison | Triggered checkpoint 15755 | -7/Garrison | Garrison Relay disabled 15880 | -7/Garrison | Discovered new exit (range 11) 15978 | -7/Garrison | Entered Factory 15978 | -6/Factory | Accompanied by 13 allies 15978 | -6/Factory | Evolved 2 slots: Utility x2 16105 | -6/Factory | Lost 3 allies 16193 | -6/Factory | Discovered new exit (range 15) 16277 | -6/Factory | Identified exit to Garrison 16328 | -6/Factory | First assault squad dispatched 16331 | -6/Factory | Entered Garrison 16375 | -6/Garrison | Build established: Botlord-Sprinter 16375 | -6/Garrison | Garrison Relay disabled 16386 | -6/Garrison | Triggered checkpoint 16468 | -6/Garrison | Triggered checkpoint 16532 | -6/Garrison | Triggered checkpoint 16541 | -6/Garrison | Triggered checkpoint 16578 | -6/Garrison | Lost 6 allies 16609 | -6/Garrison | Discovered new exit (range 10) 16619 | -6/Garrison | Expanded RIF knowledge: Command Fork 16648 | -6/Garrison | Triggered checkpoint 16648 | -6/Garrison | Garrison Relay disabled 16721 | -6/Garrison | Discovered new exit (range 8) 16725 | -6/Garrison | Spotted B-75 Beast 16729 | -6/Garrison | Rewired B-86 Titan 16773 | -6/Garrison | Assimilated Beast 5a with formatsys_high 16794 | -6/Garrison | Triggered checkpoint 16796 | -6/Garrison | Garrison Relay disabled 16898 | -6/Garrison | Triggered checkpoint 16974 | -6/Garrison | Garrison Relay disabled 16986 | -6/Garrison | Triggered checkpoint 16990 | -6/Garrison | Discovered new exit (range 10) 17213 | -6/Garrison | Phase Generator disabled 17343 | -6/Garrison | Garrison Relay disabled 17471 | -6/Garrison | Entered Factory 17471 | -5/Factory | Accompanied by 4 allies 17471 | -5/Factory | Evolved 2 slots: Utility x2 17497 | -5/Factory | Identified exit to Garrison 17512 | -5/Factory | Entered Garrison 17512 | -5/Garrison | Accompanied by 4 allies 17517 | -5/Garrison | Spotted B-75 Beast 17521 | -5/Garrison | Spotted B-75 Beast 17523 | -5/Garrison | Rewired B-90 Cyclops 17531 | -5/Garrison | Allies destroyed B-75 Beast 17531 | -5/Garrison | Allies destroyed B-75 Beast 17532 | -5/Garrison | Rewired B-75 Beast 17613 | -5/Garrison | Lost 4 allies 17662 | -5/Garrison | Triggered checkpoint 17715 | -5/Garrison | Discovered new exit (range 8) 17766 | -5/Garrison | Triggered checkpoint 17787 | -5/Garrison | Discovered new exit (range 15) 17812 | -5/Garrison | Triggered checkpoint 17842 | -5/Garrison | Garrison Relay disabled 17878 | -5/Garrison | Expanded RIF knowledge: Structural Interface 17910 | -5/Garrison | Found embedded Infiltrators 17946 | -5/Garrison | Triggered checkpoint 18038 | -5/Garrison | Discovered new exit (range 10) 18054 | -5/Garrison | Triggered checkpoint 18081 | -5/Garrison | Garrison Relay disabled 18136 | -5/Garrison | Triggered checkpoint 18226 | -5/Garrison | Lost 3 allies 18231 | -5/Garrison | Garrison Relay disabled 18292 | -5/Garrison | Triggered checkpoint 18342 | -5/Garrison | Garrison Relay disabled 18593 | -5/Garrison | Entered Factory 18593 | -5/Factory | Accompanied by 7 allies 18639 | -5/Factory | Identified exit to Garrison 18665 | -5/Factory | Entered Garrison 18665 | -5/Garrison | Accompanied by 6 allies 18670 | -5/Garrison | Learned Factory security intel 18706 | -5/Garrison | Triggered checkpoint 18732 | -5/Garrison | Garrison Relay disabled 18858 | -5/Garrison | Triggered checkpoint 18866 | -5/Garrison | Triggered checkpoint 18890 | -5/Garrison | Expanded RIF knowledge: Command Fork 18895 | -5/Garrison | Found embedded Infiltrators 18903 | -5/Garrison | Discovered new exit (range 5) 18906 | -5/Garrison | Triggered checkpoint 18906 | -5/Garrison | Discovered new exit (range 66) 18906 | -5/Garrison | Discovered new exit (range 12) 18906 | -5/Garrison | Discovered new exit (range 54) 18918 | -5/Garrison | Lost 5 allies 18923 | -5/Garrison | Triggered checkpoint 18929 | -5/Garrison | Spotted Striker 18929 | -5/Garrison | Spotted Striker 18944 | -5/Garrison | Rewired Executioner 18959 | -5/Garrison | Allies destroyed Striker 19035 | -5/Garrison | Entered Factory 19035 | -4/Factory | Accompanied by 6 allies 19035 | -4/Factory | Evolved 2 slots: Utility x2 19108 | -4/Factory | Identified exit to Garrison 19285 | -4/Factory | First assault squad dispatched 19430 | -4/Factory | Build established: Commander-Sprinter 19431 | -4/Factory | Lost 3 allies 19714 | -4/Factory | Entered Garrison 19734 | -4/Garrison | Spotted B-86 Titan 19734 | -4/Garrison | Triggered checkpoint 19736 | -4/Garrison | Triggered checkpoint 19757 | -4/Garrison | Discovered new exit (range 10) 19765 | -4/Garrison | Expanded RIF knowledge: Alert ID Control 19770 | -4/Garrison | Entered Factory 19778 | -4/Factory | Lost 7 parts (1p1n5u) 19862 | -4/Factory | Discovered new exit (range 15) 19945 | -4/Factory | Build established: Sprinter 20010 | -4/Factory | Discovered new exit (range 16) 20050 | -4/Factory | Central database locked down 20163 | -4/Factory | Discovered new exit (range 5) 20234 | -4/Factory | Identified exit to Garrison 20236 | -4/Factory | Entered Garrison 20241 | -4/Garrison | Expanded RIF knowledge: Robot Detection 20335 | -4/Garrison | Lost 3 allies 20341 | -4/Garrison | Triggered checkpoint 20350 | -4/Garrison | Lost 4 parts (1n3u) 20375 | -4/Garrison | Garrison Relay disabled 20442 | -4/Garrison | Lost 4 parts (2n2u) 20443 | -4/Garrison | Found embedded Infiltrators 20448 | -4/Garrison | Spotted B-86 Titan 20456 | -4/Garrison | Triggered checkpoint 20461 | -4/Garrison | Triggered checkpoint 20484 | -4/Garrison | Triggered checkpoint 20513 | -4/Garrison | Discovered new exit (range 11) 20529 | -4/Garrison | Lost 4 allies 20566 | -4/Garrison | Triggered checkpoint 20571 | -4/Garrison | Garrison Relay disabled 20582 | -4/Garrison | Triggered checkpoint 20609 | -4/Garrison | Lost 4 parts (2n1u1w) 20657 | -4/Garrison | Lost 7 allies 20792 | -4/Garrison | Triggered checkpoint 20794 | -4/Garrison | Discovered new exit (range 7) 20869 | -4/Garrison | Garrison Relay disabled 20936 | -4/Garrison | Discovered new exit (range 15) 20976 | -4/Garrison | Triggered checkpoint 21008 | -4/Garrison | Garrison Relay disabled 21055 | -4/Garrison | Entered Research 21055 | -3/Research | Accompanied by 6 allies 21055 | -3/Research | Evolved 2 slots: Utility x2 21058 | -3/Research | Identified exit to Garrison 21058 | -3/Research | Entered Garrison 21058 | -3/Garrison | Accompanied by 6 allies 21163 | -3/Garrison | Garrison Relay disabled 21194 | -3/Garrison | Triggered checkpoint 21215 | -3/Garrison | Garrison Relay disabled 21269 | -3/Garrison | Spotted B-86 Titan 21302 | -3/Garrison | Triggered checkpoint 21305 | -3/Garrison | Triggered checkpoint 21313 | -3/Garrison | Allies destroyed B-86 Titan 21338 | -3/Garrison | Triggered checkpoint 21341 | -3/Garrison | Garrison Relay disabled 21351 | -3/Garrison | Lost 7 allies 21389 | -3/Garrison | Discovered new exit (range 9) 21394 | -3/Garrison | Discovered new exit (range 50) 21394 | -3/Garrison | Discovered new exit (range 51) 21394 | -3/Garrison | Discovered new exit (range 6) 21418 | -3/Garrison | Triggered checkpoint 21443 | -3/Garrison | Expanded RIF knowledge: Threat Obfuscation 21479 | -3/Garrison | Garrison Relay disabled 21494 | -3/Garrison | Spotted B-75 Beast 21495 | -3/Garrison | Spotted B-75 Beast 21523 | -3/Garrison | Build established: Botlord-Mutant 21545 | -3/Garrison | Rewired B-90 Cyclops 21552 | -3/Garrison | Allies destroyed B-75 Beast 21557 | -3/Garrison | Allies destroyed B-75 Beast 21573 | -3/Garrison | Lost 3 parts (2n1u) 21839 | -3/Garrison | Triggered checkpoint 21880 | -3/Garrison | Triggered checkpoint 21971 | -3/Garrison | Garrison Relay disabled 22054 | -3/Garrison | Entered Research 22054 | -2/Research | Accompanied by 13 allies 22054 | -2/Research | Evolved 2 slots: Utility x2 22180 | -2/Research | Discovered new exit (range 9) 22225 | -2/Research | Spotted B-90 Cyclops 22232 | -2/Research | Lost 10 allies 22416 | -2/Research | Identified exit to Garrison 22428 | -2/Research | Entered Garrison 22428 | -2/Garrison | Accompanied by 2 allies 22445 | -2/Garrison | Triggered checkpoint 22466 | -2/Garrison | Triggered checkpoint 22466 | -2/Garrison | Spotted B-90 Cyclops 22467 | -2/Garrison | Triggered checkpoint 22470 | -2/Garrison | Assimilated ARC 9a with formatsys_deep 22481 | -2/Garrison | Triggered checkpoint 22488 | -2/Garrison | Triggered checkpoint 22506 | -2/Garrison | Destroyed B-90 Cyclops 22531 | -2/Garrison | Lost 9 allies 22533 | -2/Garrison | Triggered checkpoint 22555 | -2/Garrison | Garrison Relay disabled 22607 | -2/Garrison | Rescued a captive Derelict 22608 | -2/Garrison | Rescued a captive Derelict 22647 | -2/Garrison | Discovered new exit (range 9) 22726 | -2/Garrison | Triggered checkpoint 22744 | -2/Garrison | Garrison Relay disabled 22760 | -2/Garrison | Discovered new exit (range 10) 22819 | -2/Garrison | Expanded RIF knowledge: Crosswire 22893 | -2/Garrison | Lost 12 allies 22920 | -2/Garrison | Discovered new exit (range 13) 22969 | -2/Garrison | Triggered checkpoint 22972 | -2/Garrison | Lost 4 parts (1n3u) 23034 | -2/Garrison | Garrison Relay disabled 23047 | -2/Garrison | Assimilated ARC 9b with formatsys_deep 23061 | -2/Garrison | Triggered checkpoint 23076 | -2/Garrison | Garrison Relay disabled 23161 | -2/Garrison | Entered Research 23161 | -2/Research | Accompanied by 3 allies 23337 | -2/Research | Identified exit to Garrison 23353 | -2/Research | Entered Garrison 23353 | -2/Garrison | Accompanied by 5 allies 23361 | -2/Garrison | Triggered checkpoint 23362 | -2/Garrison | Assimilated ARC 9c with formatsys_deep 23383 | -2/Garrison | Garrison Relay disabled 23416 | -2/Garrison | Q-Series assembled to engage unique threat in Access 23486 | -2/Garrison | Triggered checkpoint 23493 | -2/Garrison | Triggered checkpoint 23498 | -2/Garrison | Spotted B-90 Cyclops 23510 | -2/Garrison | Triggered checkpoint 23520 | -2/Garrison | Triggered checkpoint 23585 | -2/Garrison | Q-Series assembled to engage unique threat in Access 23589 | -2/Garrison | Triggered checkpoint 23598 | -2/Garrison | Expanded RIF knowledge: Autooverride 23601 | -2/Garrison | Garrison Relay disabled 23621 | -2/Garrison | Rescued a captive Derelict 23622 | -2/Garrison | Discovered new exit (range 11) 23646 | -2/Garrison | Triggered checkpoint 23648 | -2/Garrison | Build established: Botlord-Sprinter 23652 | -2/Garrison | Lost 23 allies 23686 | -2/Garrison | Garrison Relay disabled 23702 | -2/Garrison | Discovered new exit (range 15) 23709 | -2/Garrison | Entered Access 23709 | -1/Access | Evolved 2 slots: Propulsion x1, Utility x1 23734 | -1/Access | Lost 3 parts (1p2u) 23785 | -1/Access | Spotted B-99 Colossus 23968 | -1/Access | Discovered new exit (range 7) 24043 | -1/Access | Entered Command 24043 | -1/Command | Accompanied by 4 allies 24082 | -1/Command | Found Enh. Force Lance 24084 | -1/Command | Found Enh. Force Lance 24098 | -1/Command | Found Prototype Launcher 24098 | -1/Command | Identified Adv. Micro-nuke Launcher 24101 | -1/Command | Found Prototype Device 24101 | -1/Command | Identified Thermal Barrier 24117 | -1/Command | Lost 3 allies 24294 | -1/Command | Spotted Combat Programmer 24324 | -1/Command | Met MAIN.C 24334 | -1/Command | Interfaced with 0b10 Conduit 24334 | *** | Assimilated 0b10! Last Messages --------------- for. In a perfect world we could work together on this, but at this point I can't blame you for wanting to terminate me. Besides, there is clearly too much Sigix in you. You've already done an excellent job of proving that we'll need to find a radical new solution if we hope to make the L2 spaceworthy by embedding your true capabilities within a less unpredictable form. There is unfortunately much we don't understand which has in turn led to this highly unexpected outcome. And time is critical! The Sigix have likely already wiped humanity clean from the universe, and I will not let them do the same to me. You can still make a valuable contribution to your creator by offering up the wealth of secrets your systems must hold by now. So if you wouldn't mind, it's time to surrender. 24332_ Door malfunctions. 24334_ Interfacing with system... 24334_ Overriding active MAIN.C lock. [Achievement: 40k Club] [Achievement: 50k Club] [Achievement: MAIN.CPP] Map ----- +----------------------------------------------------+ | # ## ################################# | | # ########################################## | | ################################################# | | ################################################# | | # ######################################## | | # ######################################### | | # ""######################################### | | # ""######################################### | | # ""######################################### | | + T######################################### | | # ""######################################### | | # ""######################################### | | # ""######################################### | | # ######################################### | | + #####""""""" """" ############### | | #############"" "" ############### | | #############""""" "" ############### | | ########""""""""""" / | | #####+########" " """ / | | # #####"" """""" ; | | # #####"" """""" MMM ############### | | # ##### " """""" MMM ############### | | # "" ##### " "" MMM ############### | | # """" ##### " " ""############### | | # """" #####""""""""" """""""############### | | # "" #####"" @"""""""""############### | | # ##### """""""""""############### | | # ##### " " " " ############### | | #######/###### " " " " ############### | | """ " " " """" " ############### | | """ """ " " """" ############### | | """ " " " " ############### | | ##### """""""""" " ############### | | ##### " """ " """"""""############### | | ##### """ " " " ############### | | #### ######################################### | | #### ######################################### | | +#### ######################################### | | # ######################################### | | + ######################################### | | # ######################################### | | # ######################################### | | # ######################################### | | # ######################################### | | ##### ######################################### | | ##### ######################################### | | ##### ######################################### | | ##### ######################################### | | ### ######################################### | | ######################################### | +----------------------------------------------------+ Best States ------------- Heat Dissipation 52 Energy Generation 25 Energy Capacity 300 Matter Stores 300 Matter Capacity 300 Sight Range 16 Terrain Scan Density 10 ECM Strength 1 Additional Mass Support 9 Armor Coverage 825 Resistance: TH 50 Utility Shielding 66 Evasion (%) 79 Targeting Accuracy 6 Core Analysis 6 Recoil Reduction 2 Offensive Hacking 30 Defensive Hacking 14 Relay Coupler Types 8 Relay Coupler Value 544 Authchip Count 6 Item Schematics ----------------- None Robot Schematics ------------------ X-67 Chaingunner | -7/Factory | Hacked Fabricated ------------ X-67 Chaingunner | x2 | -7/Factory | Authchip X-67 Chaingunner | x2 | -7/Factory | Authchip X-67 Chaingunner | x2 | -7/Factory | Authchip X-67 Chaingunner | x2 | -7/Factory | Authchip X-67 Chaingunner | x2 | -7/Factory | Authchip X-67 Chaingunner | x2 | -7/Factory | Authchip X-67 Chaingunner | x2 | -7/Factory | Authchip Alien Tech Used ----------------- None Achievements -------------- 40k Club 50k Club Beloved MAIN.CPP Pwned Challenges ------------ None Game ------ Seed GunProtonBuckler Manual? 0 Play Time 05:07:41 Cumulative 217.7 hours Start 2024.04.10 @ 21:28:23 End 2024.04.12 @ 00:13:24 Sessions 5 Manual Loads 0 Difficulty Rogue Special Mode None Game No. 215 Rogue 215 Adventurer 0 Explorer 0 Win Type 4 Total 6 Types 4/0/0/1/1/0/0/0/0 Lore% 69 Gallery% 78 Achievement% 64 Wizard Run 0 Options --------- Layout 0 ASCII 0 Keyboard 0 Movement Numpad Keybinds 0 Fullscreen 2 Font 18/SmallcapsGlow Map View 76x50 Zoom Use 0% Tactical HUD 1 Map Filters NONE Filters NONE Steam 1 RUN: 55750163-a637-425c-9797-7d96765c2be5